 Dungeon Crawl Stone Soup version 0.29.1-1-gd02db6906a (webtiles) character file.

Game seed: 2194389949773931449

12154 mcbry74 the Severer (level 11, -2/101 HPs)
             Began as a Minotaur Berserker on Oct 11, 2022.
             Was a High Priest of Trog.
             Killed from afar by a deep elf pyromancer (37 damage)
             ... with a bolt of fire
             ... on level 10 of the Dungeon.
             The game lasted 00:38:22 (8546 turns).

mcbry74 the Severer (Minotaur Berserker)            Turns: 8546, Time: 00:38:22

Health: -2/101     AC: 13    Str: 23    XL:     11   Next: 58%
Magic:  10/10      EV: 15    Int:  6    God:    Trog [*****.]
Gold:   686        SH:  0    Dex: 11    Spells: 10/10 levels left

rFire   . . .      SeeInvis .   v - +3 executioner's axe (flame)
rCold   . . .      Faith    .   (shield currently unavailable)
rNeg    . . .      Spirit   .   G - +0 acid dragon scales
rPois   .          Reflect  .   (helmet restricted)
rElec   .          Harm     .   (no cloak)
rCorr   +          Rampage  .   p - +2 pair of gloves
Will    .....                   E - +0 pair of boots
Stlth   +.........              j - amulet of regeneration
HPRegen 1.06/turn               (no ring)
MPRegen 0.12/turn               (no ring)

@: lethally poisoned (-2 -> -3), hasted, very quick
A: horns 2, retaliatory headbutt
a: Renounce Religion, Berserk, Trog's Hand, Brothers in Arms


You were on level 10 of the Dungeon.
You worshipped Trog.
Trog was extremely pleased with you.
You visited 1 branch of the dungeon, and saw 11 of its levels.

You collected 699 gold pieces.
You spent 13 gold pieces at shops.

Inventory:

Hand Weapons
 r - the +8 dagger of Wouvuxof {drain, Fly rF+ Int+5}
   (You found it on level 3 of the Dungeon)

   A truly terrible weapon, it drains the life of any living foe it strikes.
   Int:       It affects your intelligence (+5).
   rF:        It protects you from fire.
   Fly:       It grants you flight.
 s - a +1 vorpal war axe
 t - the +7 staff of the Meek {protect, meekguard}
   (You found it on level 3 of the Dungeon)

   It grants its wielder temporary protection when it strikes (+7 to AC).
   It provides extra protection to wielders with little health.
 v - a +3 executioner's axe of flaming (weapon)
 x - the +8 trident of Cocytus {holy, rC- Will+ rCorr}
   (You found it on level 3 of the Dungeon)

   It has been blessed by the Shining One to cause great damage to the undead
   and demons.
   rC:        It makes you vulnerable to cold.
   rCorr:     It protects you from acid and corrosion.
   Will:      It increases your willpower.
 F - a +5 scythe of flaming
 N - the +4 dagger "Wesuarghi" {antimagic, rC- Dex+5}
   (You found it on level 5 of the Dungeon)

   It reduces the magical energy of the wielder, and disrupts the spells and
   magical abilities of those it strikes.
   Natural abilities and divine invocations are not affected.
   Dex:       It affects your dexterity (+5).
   rC:        It makes you vulnerable to cold.
 T - a +3 spectral battleaxe
Missiles
 c - 18 poisoned darts (quivered)
 A - 14 throwing nets
 B - 7 boomerangs
Armour
 b - a +0 chain mail
 p - a +2 pair of gloves (worn)
 u - a +0 leather armour of fire resistance
 E - a +0 pair of boots (worn)
 G - +0 acid dragon scales (worn)
Magical Staves
 i - a staff of conjuration
Jewellery
 j - an amulet of regeneration (around neck)
 k - a +6 ring of dexterity
 q - a ring of ice
 y - an amulet of the acrobat
 z - an amulet of faith
 O - a ring of protection from cold
Wands
 d - a wand of paralysis (10)
 w - a wand of mindburst (11)
 L - a wand of digging (9)
 Q - a wand of acid (11)
Scrolls
 a - a scroll of enchant armour
 e - 6 scrolls of teleportation
 g - 3 scrolls of immolation
 m - a scroll of summoning
 n - 2 scrolls of fear
 I - a scroll of blinking
 K - 4 scrolls of magic mapping
 R - 2 scrolls of butterflies
 S - 2 scrolls of vulnerability {unknown}
 Z - a scroll of amnesia {unknown}
Potions
 f - 2 potions of heal wounds {unknown}
 h - 2 potions of lignification {unknown}
 o - 5 potions of berserk rage {unknown}
 C - 3 potions of mutation {unknown}
 D - a potion of magic {unknown}
 H - a potion of invisibility {unknown}
 J - a potion of brilliance {unknown}
 M - a potion of cancellation {unknown}
 P - a potion of flight {unknown}
 V - 2 potions of curing {unknown}
 X - a potion of ambrosia {unknown}
 Y - a potion of might {unknown}


   Skills:
 + Level 10.7 Fighting
 * Level 17.9 Axes
 + Level 10.3 Armour
 + Level 9.4 Dodging


You had 10 spell levels left.
You didn't know any spells.
Your spell library contained the following spells:

 Spells                   Type           Power      Damage    Failure   Level
 Freeze                   Ice            0%         1d3       52%         1
 Necrotise                Necr           0%         1d4       52%         1
 Blink                    Tloc           0%         N/A       65%         2
 Ensorcelled Hibernation  Hex/Ice        0%         N/A       65%         2
 Scorch                   Fire           0%         2d5       65%         2
 Dazzling Flash           Conj/Hex       0%         N/A       87%         3
 Frozen Ramparts          Ice            0%         1d1       87%         3
 Gell's Gravitas          Tloc           0%         N/A       87%         3
 Lesser Beckoning         Tloc           0%         N/A       87%         3
 Spider Form              Tmut/Pois      0%         N/A       87%         3
 Teleport Other           Tloc           0%         N/A       87%         3
 Vampiric Draining        Necr           0%         2d6       87%         3
 Anguish                  Hex/Necr       0%         N/A       99%         4
 Flame Wave               Conj/Fire      0%         2d4       99%         4
 Hailstorm                Conj/Ice       0%         3d3       99%         4
 Agony                    Necr           0%         N/A       100%        5
 Manifold Assault         Tloc           0%         N/A       100%        5
 Silence                  Hex/Air        0%         N/A       100%        5
 Summon Forest            Summ/Tloc      0%         N/A       100%        5
 Eringya's Noxious Bog    Tmut/Pois      0%         N/A       100%        6
 Summon Cactus Giant      Summ           0%         N/A       100%        6
 Summon Hydra             Summ           0%         N/A       100%        7


Dungeon Overview and Level Annotations

Branches:
Dungeon (11/15)            Temple (0/1) D:4             Orc (0/2) D:9
   Lair: D:8-11

Altars:
Dithmenos
Hepliaklqana
Kikubaaqudgha
Okawaru
Ru
Trog
Xom
Yredelemnul
The Shining One

Shops:
D:6 !

Portals:
Trove: D:10 (give 7 scrolls of fear)


Innate Abilities, Weirdness & Mutations

You have a pair of horns on your head.
You reflexively headbutt those who attack you in melee.


Message History

The deep elf pyromancer is heavily wounded.
You barely miss something.
You are covered in liquid flames!
Something hits you!
You are poisoned.
The deep elf pyromancer hits you with a +0 dagger.
You feel very sick.
The deep elf pyromancer casts a spell.
You climb upwards.
The fire elemental disappears in a puff of smoke! x2
Reactivating autopickup.
You feel very sick.
There is a stone staircase leading down, spattered with blood here.
You closely miss the deep elf pyromancer.
The deep elf pyromancer is heavily wounded.
You slash something! You burn something.
You feel sick. Something hits you but does no damage.
You are more poisoned.
Deactivating autopickup; reactivate with Ctrl-A.
The deep elf pyromancer gestures at you while chanting.
The sticky flame hits you but does no damage.
You are covered in liquid flames!
You slash the deep elf pyromancer! You burn the deep elf pyromancer.
You headbutt the deep elf pyromancer.
The deep elf pyromancer is severely wounded.
You barely miss something.
You are covered in liquid flames!
You feel very sick. Something hits you.
The deep elf pyromancer hits you but does no damage.
You feel yourself speed up.
You are covered in liquid flames!
You are no longer on fire.
You feel very sick.
The deep elf pyromancer gestures wildly while chanting.
The deep elf pyromancer blinks!
You miss something. Your headbutt misses something.
You feel sick. Something barely misses you.
You miss something.
You feel sick.
The deep elf pyromancer gestures at you while chanting.
The bolt of fire hits you!!!
You die...

#......# #......# ### #......#
#####.## ###+#### #.# # #.# #.# #
######'### #####.#### ###
#........### #........# #..
'........'.### #........# #..
#........#...###.)......#### #..
#........###..##@..........####..
#........# ##.##){......##....'..
#........# #.##.....e..#######..
#........# #...........# #..
#........# ####........# #..
####+##### #######.## #..
#....### #....# ### ####...#
##'###### # #####.### #.......#
#####


You could see a deep elf pyromancer.

Vanquished Creatures
  A centaur warrior (D:10)
  2 two-headed ogres
  The ghost of sentinel the Magician, a novice MeEE of Cheibriados (D:7)
  The ghost of mcbry74 the Cleaver, a novice HOCA of Ignis (D:6)
  A deep elf pyromancer (D:10)
  A manticore (D:10)
  Grinder (D:4)
  A hornet (D:10)
  A slime creature (D:10)
  Sigmund (D:4)
  18 yaks
  A wyvern (D:8)
  A steam dragon (D:10)
  Grum (D:5)
  An acid dragon (D:7)
  7 orc warriors
  An ice beast (D:6)
  A sky beast (D:7)
  2 black bears
  2 ogres
  6 centaurs
  2 phantoms (D:6)
  2 gnoll sergeants
  7 bullfrogs
  2 scorpions
  4 necrophages
  6 wights
  3 howler monkeys
  A human zombie (D:4)
  4 quasits (D:6)
  A jelly (D:5)
  6 gnoll boudas
  9 hounds
  6 orc priests
  5 iguanas
  7 orc wizards
  A scorpion zombie (D:4)
  The ghost of CoolPlay the Digger, a weakling MeEE of Zin (D:3)
  4 hound zombies (D:4)
  A mummy (D:4)
  27 gnolls
  15 adders
  A shadow imp (D:7)
  2 white imps (D:6)
  2 adder zombies (D:4)
  5 worms
  A dart slug (D:2)
  52 orcs
  7 ball pythons
  4 bats
  11 endoplasms
  6 giant cockroaches
  10 goblins
  6 hobgoblins
  3 jackals (D:5)
  5 kobolds
  6 quokkas
  3 frilled lizards
  6 rats
296 creatures vanquished.

Vanquished Creatures (others)
  A bush (D:9)
  6 plants (D:3)
7 creatures vanquished.

Grand Total: 303 creatures vanquished

Notes
Turn   | Place    | Note
-------+----------+-------------------------------------------
     0 | D:1      | mcbry74 the Minotaur Berserker began the quest for the Orb.
     0 | D:1      | Reached XP level 1. HP: 19/19 MP: 0/0
   138 | D:1      | Reached XP level 2. HP: 15/27 MP: 1/1
   161 | D:1      | Reached skill level 4 in Axes
   735 | D:1      | Found a faded altar of an unknown god.
   985 | D:2      | Reached XP level 3. HP: 29/33 MP: 2/2
  1118 | D:2      | Reached ** piety under Trog
  1597 | D:2      | Reached XP level 4. HP: 38/40 MP: 3/3
  1954 | D:3      | Found a transporter.
  2100 | D:3      | Reached skill level 5 in Axes
  2125 | D:3      | Found a transporter.
  2224 | D:3      | Identified the +8 dagger of Wouvuxof {drain, Fly rF+ Int+5}
  2308 | D:3      | Reached *** piety under Trog
  2315 | D:3      | Found the +7 staff of the Meek {protect, meekguard}
  2318 | D:3      | Reached XP level 5. HP: 28/47 MP: 4/4
  2522 | D:3      | Noticed CoolPlay's ghost (weakling MeEE)
  2652 | D:3      | Paralysed by a gnoll for 3 turns
  2667 | D:3      | Killed CoolPlay's ghost
  2694 | D:3      | Identified the +8 trident of Cocytus {holy, rC- Will+
                  | rCorr}
  2817 | D:4      | Reached XP level 6. HP: 55/55 MP: 5/5
  2820 | D:4      | Reached skill level 6 in Axes
  2867 | D:4      | Reached skill level 5 in Fighting
  2906 | D:4      | Found a shimmering altar of Xom.
  2907 | D:4      | Found a hazy altar of Hepliaklqana.
  2908 | D:4      | Noticed a spectral ugly thing
  2929 | D:4      | Found a glowing golden altar of the Shining One.
  3089 | D:4      | Noticed Grinder
  3107 | D:4      | Noticed Sigmund
  3108 | D:4      | Paralysed by Grinder for 3 turns
  3204 | D:4      | Found a staircase to the Ecumenical Temple.
  3321 | D:4      | Reached skill level 7 in Axes
  3329 | D:4      | Killed Sigmund
  3330 | D:4      | Reached XP level 7. HP: 59/61 MP: 6/6
  3415 | D:4      | Reached skill level 8 in Axes
  3422 | D:4      | Reached skill level 5 in Armour
  3422 | D:4      | Reached **** piety under Trog
  3431 | D:4      | Found a basalt altar of Yredelemnul.
  3442 | D:4      | Reached skill level 9 in Axes
  3542 | D:4      | Killed Grinder
  3543 | D:4      | Reached skill level 5 in Dodging
  3543 | D:4      | Reached XP level 8. HP: 68/70 MP: 7/7
  3612 | D:5      | Entered Level 5 of the Dungeon
  3630 | D:4      | Reached skill level 10 in Axes
  4022 | D:5      | Reached skill level 11 in Axes
  4102 | D:5      | Noticed Grum
  4111 | D:5      | Killed Grum
  4244 | D:5      | Found an iron altar of Okawaru.
  4353 | D:5      | Reached ***** piety under Trog
  4354 | D:5      | Reached skill level 12 in Axes
  4373 | D:5      | Reached XP level 9. HP: 64/79 MP: 8/8
  4439 | D:5      | Identified the +4 dagger "Wesuarghi" {antimagic, rC- Dex+5}
  4725 | D:6      | Reached skill level 13 in Axes
  4755 | D:6      | Found a transporter.
  4761 | D:6      | Noticed mcbry74's ghost (novice HOCA)
  4770 | D:6      | Found Gopn's Distillery.
  4798 | D:6      | Bought a potion of degeneration for 13 gold pieces
  5001 | D:6      | Found a shadowy altar of Dithmenos.
  5053 | D:6      | Found a transporter.
  5268 | D:6      | Killed mcbry74's ghost
  5269 | D:6      | Reached skill level 14 in Axes
  5307 | D:7      | Found a runed translucent gate.
  5307 | D:7      | Found a runed translucent gate.
  5308 | D:7      | Found a runed translucent gate.
  5323 | D:7      | Noticed sentinel's ghost (novice MeEE)
  5630 | D:7      | Reached XP level 10. HP: 72/90 MP: 9/9
  5678 | D:7      | Reached skill level 15 in Axes
  6095 | D:7      | Killed sentinel's ghost
  6117 | D:7      | Identified a scroll of acquirement
  6118 | D:7      | Acquired a +2 executioner's axe of flaming
  6258 | D:8      | Reached skill level 16 in Axes
  6440 | D:8      | Found a sacrificial altar of Ru.
  6564 | D:8      | Found a bloodstained altar of Trog.
  6879 | D:9      | Found a staircase to the Orcish Mines.
  6895 | D:9      | Received a gift from Trog
  7070 | D:9      | Noticed a two-headed ogre
  7081 | D:9      | Killed a two-headed ogre
  7235 | D:9      | Reached skill level 17 in Axes
  7280 | D:9      | Reached XP level 11. HP: 99/99 MP: 10/10
  7308 | D:9      | Reached skill level 10 in Fighting
  7850 | D:10     | Entered Level 10 of the Dungeon
  8049 | D:10     | Found an ancient bone altar of Kikubaaqudgha.
  8105 | D:10     | Noticed a two-headed ogre
  8110 | D:10     | Killed a two-headed ogre
  8111 | D:10     | Reached skill level 10 in Armour
  8319 | D:10     | Found a portal to a secret trove of treasure.
  8459 | D:11     | Noticed an ogre mage
  8459 | D:11     | Noticed a centaur warrior
  8459 | D:11     | Noticed a deep elf pyromancer
  8459 | D:11     | Noticed a death knight
  8459 | D:11     | Noticed a deep elf pyromancer
  8467 | D:10     | Killed a deep elf pyromancer
  8469 | D:10     | Killed a centaur warrior
  8546 | D:10     | Killed from afar by a deep elf pyromancer

Illustrated notes

Levels and vault maps discovered:
D:1:      shiori_arrival_oz, layout_loops_ring,
          hellmonk_ecumenical_altar_arch_garden
D:2:      layout_basic, minmay_misc_feat_cross, st_stairs_10
D:3:      cheibrodos_old_hovel, layout_loops_cross,
          gammafunk_ghost_gnarly_gnolls, pf_guarded_unrand_meek
D:4:      layout_basic, regret_index_temple_of_mockery,
          mainiacjoe_overflow_surrounded_room,
          lemuel_mausoleum_altar_yredelemnul, minmay_temple_entry_water_ring,
          nicolae_kite_square_tiling_tiny, nicolae_zen_rock_garden,
          uniq_sigmund, uniq_grinder
D:5:      layout_cave_pools, marbit_many_paths, serial_gnoll_camp,
          gnoll_camp_mini_loothouse, gnoll_camp_mini_hut, gnoll_camp_medium_02,
          grums_kennel, minmay_puff
D:6:      layout_cave_pools, grunt_dithmenos_smoke_and_mirrors,
          gammafunk_ghost_stat_death, serial_shops, nicolae_stop_n_shop_1
D:7:      layout_loops_cross, gammafunk_ghost_split
D:8:      layout_rooms, nicolae_ru_sacrificial_ziggurat,
          mainiacjoe_overflow_alcove_2, kennysheep_generic_room_6
D:9:      layout_cave_pods, orc_0_dummy, st_stairs_14, serial_park_tiny_1,
          kb_lookout_dungeons_type
D:10:     layout_roguey, mainiacjoe_overflow_concentric_impassable,
          nicolae_trove_entry_crossroad
D:11:     minmay_ambush_box, layout_rooms, grunt_lair_entry_orc_guard_hut

Skill      XL: |  1  2  3  4  5  6  7  8  9 10 11 |
---------------+----------------------------------+-----
Axes           | 4 5 7 9 12 14 17 | 17.9
Fighting       | 4 5 6 7 8 9 10 | 10.7
Armour         | 3 4 5 6 8 9 10 | 10.3
Dodging        | 3 4 5 6 7 8 9 |  9.4

Action                   |  1- 3 |  4- 6 |  7- 9 | 10-12 || total
-------------------------+-------+-------+-------+-------++-------
Melee: Hand axe          |    83 |    64 |       |       ||   147
       Headbutt          |    11 |    28 |    44 |    42 ||   125
       Punch             |     1 |     1 |     3 |       ||     5
       Dagger            |       |    97 |     5 |       ||   102
       War axe           |       |     4 |   187 |    52 ||   243
       Trident           |       |       |    70 |       ||    70
       Executioner's axe |       |       |       |    79 ||    79
       Battleaxe         |       |       |       |    52 ||    52
Throw: Dart              |       |       |     1 |       ||     1
Invok: Berserk           |       |     1 |       |       ||     1
       Trog's Hand       |       |       |     1 |       ||     1
  Use: Scroll            |       |       |     9 |     6 ||    15
       Potion            |       |       |       |     1 ||     1
Armor: Animal skin       |     7 |       |       |       ||     7
       Chain mail        |     5 |    72 |   156 |    14 ||   247
       Leather armour    |     2 |       |       |       ||     2
       Acid dragon scale |       |       |       |    60 ||    60
Dodge: Dodged            |    45 |    60 |   127 |   109 ||   341
